 Dungeon Crawl Stone Soup version 0.28-a0-8-g6e044cfa68 (webtiles) character file.

Game seed: 8946797686061841041

392 Brandom the Chucker (level 7, -5/44 HPs)
             Began as a Kobold Hunter on July 24, 2021.
             Slain by a scorpion (8 damage)
             ... on level 4 of the Dungeon.
             The game lasted 00:14:20 (5512 turns).

Brandom the Chucker (Kobold Hunter)                 Turns: 5512, Time: 00:14:20

Health: -5/44      AC:  2    Str: 11    XL:     7   Next: 8%
Magic:  7/7        EV: 16    Int: 19    God:
Gold:   189        SH:  0    Dex: 17    Spells: 6/6 levels left

rFire   . . .      SeeInvis .   a - +0 short sword
rCold   . . .      Faith    .   (shield restricted)
rNeg    + . .      Spirit   .   b - +0 leather armour
rPois   .          Reflect  .   (no helmet)
rElec   .          Harm     .   e - +0 cloak
rCorr   .          Rampage  .   (no gloves)
Will    .....      Rnd*Rage +   (no boots)
Stlth   +++.......              (no amulet)
HPRegen 0.14/turn               i - +6 ring of intelligence
MPRegen 0.10/turn               t - ring of positive energy

@: lethally poisoned (-5 -> -11), attractive
A: small, no large weapons, nightstalker 3, agile 1, berserk 1, deformed body,
subdued magic 1
a: no special abilities


You were on level 4 of the Dungeon.
You visited 1 branch of the dungeon, and saw 4 of its levels.

You collected 189 gold pieces.

Inventory:

Hand Weapons
 a - a +0 short sword (weapon)
Missiles
 c - a boomerang (quivered)
 d - a throwing net {!f}
 q - 65 stones
Armour
 b - a +0 leather armour (worn)
 e - a +0 cloak (worn)
   (You found it on level 1 of the Dungeon)
 k - a +0 pair of gloves
   (You found it on level 2 of the Dungeon)
Jewellery
 i - a +6 ring of intelligence (left hand)
   (You found it on level 1 of the Dungeon)
 t - a ring of positive energy (right hand)
   (You found it on level 3 of the Dungeon)
Scrolls
 f - a scroll of teleportation {@r4}
 g - a scroll of silence {unknown}
 h - a scroll of noise {unknown}
 j - 3 scrolls of identify {unknown}
 l - 2 scrolls of torment {!r}
 n - a scroll of vulnerability {unknown}
 o - a scroll of enchant weapon {unknown}
 p - a scroll of brand weapon {unknown}
 r - a scroll of blinking {unknown}
 s - a scroll of fear {unknown}
 v - a scroll of immolation {unknown}
Potions
 u - a potion of curing {unknown}


   Skills:
 + Level 4.6 Fighting
 + Level 6.0 Throwing
 + Level 1.3 Armour
 + Level 4.9 Dodging
 - Level 1.3 Stealth


You had 6 spell levels left.
You didn't know any spells.
Your spell library contained the following spells:

 Spells                   Type           Power      Damage    Failure   Level
 Shock                    Conj/Air       0%         1d3       22%         1
 Swiftness                Air            0%         N/A       58%         3
 Airstrike                Air            0%         N/A       94%         4


Dungeon Overview and Level Annotations

Branches:
Dungeon (4/15)
 Temple: D:4-7

Altars:
Sif Muna
Vehumet

Shops:
D:4 *


Innate Abilities, Weirdness & Mutations

You are small and have problems with some larger weapons.
You are completely attuned to the shadows.
You are agile. (Dex +2)
You tend to lose your temper in combat.
Armour fits poorly on your strangely shaped body.
Your spells are a little easier to cast, but a little less powerful.


Message History

Aim: an ogre, wielding a +0 giant spiked club (lightly wounded, 77% to hit)
You throw a boomerang. The boomerang hits the ogre.
You hit the ogre. The shadow imp puffs mist at you. The ogre misses you.
You hit the ogre.
The ogre hits you with a +0 giant spiked club.
You hit the ogre. The ogre closely misses you.
You hit the ogre. You hit the ogre.
The ogre hits you with a +0 giant spiked club!
The shadow imp misses you.
A scorpion comes into view.
You hit the ogre. The shadow imp misses you. The ogre closely misses you.
You hit the ogre but do no damage.
The shadow imp hits you but does no damage.
The ogre closely misses you. The shadow imp hits you.
You barely miss the ogre.
The ogre hits you with a +0 giant spiked club!
* * * LOW HITPOINT WARNING * * *
The shadow imp hits you.
* * * LOW HITPOINT WARNING * * *
Unknown command.
Unknown command.
Unknown command.
You are too injured to fight recklessly!
Unknown command.
You are too injured to fight recklessly!
Unknown command.
You are too injured to fight recklessly!
Unknown command.
Unknown command.
You are too injured to fight recklessly!
Unknown command.
You hit the ogre.
You kill the ogre!
The scorpion stings you but does no damage.
The shadow imp barely misses you.
Your Throwing skill increases to level 6!
You have reached level 7!
The shadow imp closely misses you. The scorpion stings you.
* * * LOW HITPOINT WARNING * * *
You are lethally poisoned!
The scorpion poisons you!
It was a potion of attraction.
You feel attractive to monsters.
* * * LOW HITPOINT WARNING * * *
You feel sick. The scorpion stings you!
You die...

.................
.................
.................
......... ....... ..
♣♣♣♣♣..... ....... .#
##♣≈≈≈≈≈≈≈♣≈.....
....... .#
##≈♣≈P≈≈≈≈≈≈≈≈....
.......
.####♣≈♣≈≈≈≈≈≈..≈......
.......
.....♣≈≈≈.≈.≈...@s.).#
...##.
.##..............5...#
.##..
.##.....≈≈.....≈≈.≈≈≈♣
##.
.###...♣.≈.≈≈≈≈≈≈≈≈≈≈≈≈
#. .#
####♣≈≈P≈≈≈≈≈≈≈≈≈≈≈≈ #.
.# #♣≈≈≈≈≈≈≈≈≈≈≈≈≈P #.
.## #. ..## #. ...###
##.


You could see a scorpion and a shadow imp.

Vanquished Creatures
  A sky beast (D:3)
  An ogre (D:4)
  An orc priest (D:3)
  Natasha (thrice) (D:3)
  2 adders
  3 river rats
  A worm (D:2)
  A dart slug (D:3)
  5 orcs
  4 endoplasms
  3 giant cockroaches
  A goblin (D:1)
  6 hobgoblins
  3 jackals (D:1)
  5 kobolds
  2 quokkas
  9 ball pythons
  6 bats
  3 frilled lizards
  8 rats
68 creatures vanquished.

Vanquished Creatures (others)
  19 plants (D:4)
19 creatures vanquished.

Grand Total: 87 creatures vanquished

Notes
Turn   | Place    | Note
-------+----------+-------------------------------------------
     0 | D:1      | Brandom the Kobold Hunter began the quest for the Orb.
     0 | D:1      | Reached XP level 1. HP: 12/12 MP: 1/1
   159 | D:1      | Found a faded altar of an unknown god.
   217 | D:1      | Reached XP level 2. HP: 3/18 MP: 2/2
   897 | D:1      | Reached XP level 3. HP: 20/22 MP: 3/3
  2479 | D:3      | Reached XP level 4. HP: 21/28 MP: 4/4
  2525 | D:2      | Reached skill level 5 in Throwing
  2979 | D:3      | Found a glowing drain.
  3302 | D:3      | Noticed a sky beast
  3381 | D:3      | Killed a sky beast
  3382 | D:3      | Reached XP level 5. HP: 11/33 MP: 5/5
  3761 | D:3      | Noticed Natasha
  3769 | D:3      | Gained mutation: Your spells are a little easier to cast,
                  | but a little less powerful. [potion of mutation]
  3769 | D:3      | Gained mutation: You tend to lose your temper in combat.
                  | [potion of mutation]
  3769 | D:3      | Gained mutation: Armour fits poorly on your strangely
                  | shaped body. [potion of mutation]
  3769 | D:3      | Gained mutation: You are agile. (Dex +2) [potion of
                  | mutation]
  3769 | D:3      | Found a shimmering blue altar of Sif Muna.
  4055 | D:3      | Found a radiant altar of Vehumet.
  4288 | D:3      | Killed Natasha
  4289 | D:3      | Reached XP level 6. HP: 32/38 MP: 6/6
  4581 | D:3      | Noticed Natasha
  4589 | D:3      | Killed Natasha
  4781 | D:3      | Noticed Natasha
  4783 | D:3      | Killed Natasha
  5042 | D:4      | Found Fugreg's Assorted Antiques.
  5179 | D:4      | Reached skill level 1 in Armour
  5498 | D:4      | Noticed an ogre
  5509 | D:4      | Killed an ogre
  5510 | D:4      | Reached skill level 6 in Throwing
  5510 | D:4      | Reached XP level 7. HP: 7/44 MP: 7/7
  5512 | D:4      | Slain by a scorpion

Illustrated notes

Levels and vault maps discovered:
D:1:      dpeg_arrival_simpleton_c, layout_loops_corners,
          shapermc_ecumenical_altar_pompeii, minmay_surrounded
D:2:      layout_rooms
D:3:      layout_rooms, amethyst_overflow_temple_binary, portal_sewer_entry_b,
          uniq_natasha
D:4:      layout_layer_cave, serial_shops, nicolae_shop_overgrown_old_shop,
          serial_bayou_lagoon_a, chequers_mini_garden, nicolae_alphabet_shops,
          serial_bayou_ford_a

Skill      XL: |  1  2  3  4  5  6 |
---------------+-------------------+-----
Dodging        | 3 4 |  4.9
Fighting       | 3 4 |  4.6
Throwing       | 5 6 |  6.0
Armour         | 1 |  1.3
Stealth        | |  1.3

Action                   |  1- 3 |  4- 6 |  7- 9 || total
-------------------------+-------+-------+-------++-------
Melee: Short sword       |   122 |    61 |       ||   183
Throw: Boomerang         |    31 |    95 |       ||   126
       Throwing net      |       |     3 |       ||     3
  Use: Scroll            |     1 |     1 |       ||     2
       Potion            |       |     2 |     1 ||     3
 Stab: Sleeping          |     4 |       |       ||     4
Armor: Leather armour    |    26 |    21 |       ||    47
Dodge: Dodged            |   107 |    78 |     1 ||   186

Table legend: (Time is in decaauts)
 A = Elapsed time spent in this place.
 B = Non-inter-level travel time spent in this place.
 C = Inter-level travel time spent in this place.
 D = Time resting spent in this place.
 E = Time spent auto-exploring this place.
 F = Levels seen in this place.
 G = Mean time per level.
                   A        B        C        D        E       F      G
               +--------+--------+--------+--------+--------+-----+--------+
         Total |   5544 |   5454 |     90 |   1234 |   3442 |   4 | 1386.0 |
       Dungeon |   5544 |   5454 |     90 |   1234 |   3442 |   4 | 1386.0 |
               +--------+--------+--------+--------+--------+-----+--------+

Top non-repeatable levels by time:
     D:3: 2243 daAuts
     D:1: 1433 daAuts
     D:2: 1343 daAuts
     D:4: 524 daAuts
